Map: Ruines d’Endion

Players

goran - Winner!

  • Race: Terran Terran
  • League: Gold
  • Spawn Location: 5:00

zidar

  • Race: Zerg Zerg
  • League: Gold
  • Spawn Location: 7:00

VOD

Have the link to the VOD?

Description

Time

  • Played on: July 1, 2016, 10:06 a.m.
  • Length: 5:54
Show
View Real Time Build Order
Export as new Build Order

goran Terran - Winner!

Build Orders: Liberator Opening 

Get SALT Encoding   

  12  0:01  SCV  
  13  0:13  SCV  
  14  0:19  Supply Depot  
  14  0:25  SCV  
  15  0:41  SCV  
  16  0:43  Barracks  
  16  0:48  Refinery  
  16  0:53  SCV  
  17  1:10  SCV  
  18  1:23  SCV  
  19  1:35  Marine, Command Center  
  20  1:40  SCV  
  21  1:52  Factory  
  21  1:57  Marine  
  21  2:00  SCV  
  23  2:09  Supply Depot  
  23  2:19  Orbital Command  
  23  2:38  Hellion  
  23  2:39  Bunker  
  25  2:45  Starport  
  25  2:52  Marine  
  25  2:56  SCV  
  25  2:58  SCV  
  28  3:04  Refinery  
  28  3:10  SCV, Hellion  
  31  3:14  SCV  
  32  3:22  SCV  
  32  3:23  Medivac  
  35  3:27  Orbital Command  
  35  3:35  SCV  
  35  3:36  Liberator  
  36  3:41  Factory Tech Lab  
  36  3:42  Marine  
  36  3:47  Refinery  
  36  3:48  Refinery, SCV  
  41  3:57  SCV  
  41  4:02  Marine  
  43  4:09  SCV  
  44  4:18  SCV  
  44  4:19  Supply Depot  
  44  4:20  Supply Depot x2  
  44  4:23  Marine  
  46  4:37  Engineering Bay  
  46  4:41  Starport Reactor, SCV x2, Siege Tank  
  51  4:48  Barracks Tech Lab  
  51  4:53  SCV x2  
  53  5:05  SCV  
  54  5:10  SCV  
  54  5:12  Marine  
  56  5:25  SCV x2  
Show
View Real Time Build Order
Export as new Build Order

zidar Zerg 

Build Orders: 3 Hatch before Pool 

Get SALT Encoding   

  12  0:01  Drone  
  13  0:12  Overlord  
  13  0:18  Drone  
  14  0:44  Hatchery  
  14  0:46  Drone  
  14  0:53  Drone x2  
  17  1:02  Hatchery  
  16  1:07  Drone  
  16  1:08  Extractor  
  16  1:23  Spawning Pool  
  15  1:26  Drone  
  16  1:36  Drone  
  16  1:37  Drone  
  18  1:49  Overlord  
  18  2:10  Queen  
  18  2:14  Queen  
  22  2:16  Metabolic Boost  
  22  2:19  Zergling x4  
  24  2:23  Zergling x2  
  25  2:35  Drone x3  
  28  2:42  Overlord  
  28  2:55  Overlord  
  28  2:56  Overlord  
  28  3:05  Roach Warren  
  28  3:11  Drone x2  
  28  3:12  Drone  
  30  3:15  Drone  
  31  3:27  Drone x4  
  31  3:31  Extractor  
  34  3:48  Roach x4  
  42  3:49  Roach  
  44  3:58  Drone  
  45  4:11  Ravager x2  
  46  4:23  Spore Crawler  
  45  4:26  Roach x3  
  45  4:30  Overlord x2  
  45  4:31  Overlord  
  51  4:33  Lair  
  51  4:52  Drone x2  
  53  4:57  Drone x5  
  58  5:06  Spore Crawler  
Tags
 
Add a new tag
Caveats
  • Supply blocks, unpowered buildings, or Contaminate may cause inaccurate times.
  • Supply counts are checked every 10 seconds.